 Dungeon Crawl Stone Soup version 0.24-a0-584-g9d6b971ae4 (webtiles) character file.

Game seed: 17416199766037922856, levelgen mode: deterministic

249 Mithandil the Distorting Demonspawn (level 5, -1/41 HPs)
             Began as a Demonspawn Abyssal Knight on Sept 4, 2019.
             Was a Believer of Lugonu.
             Hit by a silver boomerang thrown by an orc (2 damage)
             ... on level 3 of the Dungeon.
             The game lasted 00:16:37 (3051 turns).

Mithandil the Distorting Demonspawn (DsAK)          Turns: 3051, Time: 00:16:38

Health: -1/41      AC: 11    Str: 12 (13) XL:     5   Next: 86%
Magic:  7/7        EV:  7    Int: 13      God:    Lugonu [**....]
Gold:   114        SH:  0    Dex: 12 (13) Spells: 4/4 levels left

rFire    . . .     SeeInvis .   b - +1 mace (drain)
rCold    . . .     Gourm    .   (no shield)
rNeg     . . .     Faith    .   p - +0 chain mail
rPois    .         Spirit   .   k - +0 helmet
rElec    .         Reflect  .   r - +0 cloak
rCorr    .         Harm     .   (no gloves)
MR       .....                  (no boots)
Stlth    ..........             (no amulet)
HPRegen  0.13/turn              e - +1 ring of evasion
MPRegen  0.10/turn              (no ring)

@: no status effects
A: claws 1
a: Depart the Abyss, Bend Space, Renounce Religion


You were on level 3 of the Dungeon.
You worshipped Lugonu.
Lugonu was pleased with you.
You were not hungry.

You visited 1 branch of the dungeon, and saw 4 of its levels.
You visited the Abyss 1 time.

You collected 114 gold pieces.

Inventory:

Hand Weapons
 a - a +0 trident
 b - a +1 mace of draining (weapon)
 i - a +0 hunting sling
 m - a +3 quarterstaff of chaos
 q - a +1 dagger of pain
 s - a +1 spear
Missiles
 g - 42 stones
 l - 41 sling bullets
 n - 7 boomerangs (quivered)
Armour
 d - a +0 leather armour
 k - a +0 helmet (worn)
 p - a +0 chain mail (worn)
 r - a +0 cloak (worn)
Jewellery
 e - a +1 ring of evasion (left claw)
Scrolls
 f - 2 scrolls of remove curse
 j - 3 scrolls of teleportation
Potions
 o - 2 potions of curing
Comestibles
 c - 3 rations
 h - 17 chunks of flesh


   Skills:
 + Level 3.5 Fighting
 * Level 3.2 Polearms
 + Level 2.5 Armour
 + Level 1.7 Dodging
 + Level 1.6 Stealth
 + Level 1.8 Unarmed Combat
 + Level 3.5 Invocations


You had 4 spell levels left.
You didn't know any spells.
Your spell library was empty.

Dungeon Overview and Level Annotations

Branches:
Dungeon (4/15)
 Temple: D:4-7

Altars:
Yredelemnul


Innate Abilities, Weirdness & Mutations

You have sharp fingernails.


Message History

You hit the orc wizard. You drain the orc wizard.
The orc wizard is severely wounded.
The orc wizard hits you but does no damage.
The orc hits you but does no damage.
The orc throws a silver boomerang.
The silver boomerang hits you but does no damage.
The silver sears you!
* * * LOW HITPOINT WARNING * * *
The weapon returns to the orc!
The orc wizard barely misses you.
You hit the orc wizard.
The orc wizard is almost dead.
The orc barely misses you.
The orc throws a silver boomerang.
The silver boomerang hits you but does no damage.
The silver sears you!
* * * LOW HITPOINT WARNING * * *
The weapon returns to the orc!
The orc wizard mumbles some strange words.
The orc wizard flickers and vanishes!
Deactivating autopickup; reactivate with Ctrl-A.
The orc throws a silver boomerang.
The silver boomerang hits you.
You die...

##############
##.....##.....##
##..............##
#................#
#..........o{....#
#..........@†o...#
#.......#####†...#
#......## ##...#
#.....## ##..#
##....# #.##
###...# .)o
#####....## .#...
#..).)#### %##o...
##.##### .# .o....


You could see 2 orcs.

Vanquished Creatures
  An orc wizard (D:3)
  Crazy Yiuf (D:2)
  Jessica (D:2)
  A worker ant (D:4)
  7 adders
  An ooze (D:1)
  2 worms (D:2)
  A dart slug (D:2)
  10 orcs (D:3)
  A ball python (D:3)
  5 giant cockroaches
  7 goblins
  2 hobgoblins (D:1)
  2 jackals (D:2)
  2 quokkas (D:2)
  4 bats
  5 frilled lizards
  6 kobolds
  4 rats
63 creatures vanquished.

Notes
Turn   | Place    | Note
-------+----------+-------------------------------------------
     0 | Abyss:1  | Mithandil the Demonspawn Abyssal Knight began the quest for
                  | the Orb.
     0 | Abyss:1  | Reached XP level 1. HP: 18/18 MP: 2/2
   114 | D:1      | Escaped the Abyss
   214 | D:2      | Reached skill level 1 in Dodging
   321 | D:1      | Reached * piety under Lugonu
   321 | D:1      | Gained mutation: You have sharp fingernails. [demonic
                  | ancestry]
   321 | D:1      | Reached XP level 2. HP: 7/24 MP: 3/3
   994 | D:4      | Reached XP level 3. HP: 9/29 MP: 5/5
  1595 | D:2      | Reached skill level 1 in Unarmed Combat
  1610 | D:2      | Reached XP level 4. HP: 15/35 MP: 6/6
  1668 | D:2      | Reached skill level 1 in Stealth
  2035 | D:2      | Found a basalt altar of Yredelemnul.
  2257 | D:2      | Noticed Jessica
  2276 | D:2      | Killed Jessica
  2459 | D:2      | Found a runed translucent door.
  2460 | D:2      | Noticed Crazy Yiuf
  2475 | D:2      | Killed Crazy Yiuf
  2475 | D:2      | Reached XP level 5. HP: 41/41 MP: 7/7
  2842 | D:3      | Reached ** piety under Lugonu
  3049 | D:3      | HP: 2/41 [orc/silver boomerang (1)]
  3051 | D:3      | Hit by a silver boomerang thrown by an orc

Levels and vault maps discovered:
D:1:      sevenhm_arrival_forest_fort_small_4, layout_loops_ring
D:2:      layout_loops_corners, lemuel_round_altar, kennysheep_jessica_study,
          uniq_crazy_yiuf_cottage
D:3:      layout_rooms, lemuel_round_altar, lemuel_coloured_pillars_altar,
          marbit_many_paths, chequers_ecumenical_altar_grove, first_ration,
          minmay_misc_feat_square
D:4:      layout_loops_ring, nicolae_dithmenos_through_a_glass_darkly,
          gammafunk_ghost_necromancy, serial_shops, kennysheep_mini_moat,
          fedhas_bush_and_centaur_altar

Skill      XL: |  1  2  3  4 |
---------------+-------------+-----
Dodging        | 1 |  1.7
Polearms       | 2 3 |  3.2
Armour         | 2 |  2.5
Invocations    | 3 |  3.5
Unarmed Combat | 1 |  1.8
Stealth        | 1 |  1.6
Fighting       | |  3.5

Action                   |  1- 3 |  4- 6 || total
-------------------------+-------+-------++-------
Melee: Spear             |   117 |   111 ||   228
       Dagger            |       |    15 ||    15
       Trident           |       |    49 ||    49
       Mace              |       |     6 ||     6
Invok: Depart the Abyss  |     1 |       ||     1
  Use: Potion            |     4 |     5 ||     9
       Scroll            |     4 |     2 ||     6
 Stab: Sleeping          |     1 |     5 ||     6
  Eat: Ration            |     1 |       ||     1
       Chunk             |       |     4 ||     4
Armor: Leather armour    |    28 |    43 ||    71
       Skin              |       |     4 ||     4
       Chain mail        |       |    30 ||    30
Dodge: Dodged            |    58 |    85 ||   143

Table legend:
 A = Non-vault XP
 B = Vault XP
 C = Vault XP percentage of total XP
 D = Non-vault monster count
 E = Vault monster count
 F = Vault count percentage of total count
                 A         B        C        D         E       F
            +---------+---------+-------+---------+---------+-------
      Total |     280 |      76 |  21.3 |      60 |       3 |   4.8
            +---------+---------+-------+---------+---------+-------
        D:1 |      33 |       0 |   0.0 |      17 |       0 |   0.0
        D:2 |      80 |      76 |  48.7 |      22 |       3 |  12.0
        D:3 |     134 |       0 |   0.0 |      20 |       0 |   0.0
        D:4 |      33 |       0 |   0.0 |       1 |       0 |   0.0
            +---------+---------+-------+---------+---------+-------
